 Dungeon Crawl Stone Soup version 0.30.1-3-gfc49f6343a (webtiles) character file.

Game seed: 13433202288228300667

91 Heoruswealwe the Conjurer (level 4, -1/24 HPs)
             Began as a Deep Elf Conjurer on July 20, 2023.
             Succumbed to an adder's poison
             ... on level 2 of the Dungeon.
             The game lasted 00:06:46 (803 turns).

Heoruswealwe the Conjurer (Deep Elf Conjurer)        Turns: 803, Time: 00:06:47

Health: -1/24      AC:  2    Str:  4    XL:     4   Next: 33%
Magic:  0/12       EV: 12    Int: 25    God:
Gold:   49         SH:  5    Dex: 13    Spells: 6/12 levels left

rFire   . . .        (no weapon)
rCold   . . .        (no shield)
rNeg    . . .        c - +0 robe
rPois   .            (no helmet)
rElec   .            (no cloak)
rCorr   .            (no gloves)
SInv    .            (no boots)
Will    .....        i - amulet of reflection
Stlth   ++           (no ring)
HPRegen 0.24/turn    (no ring)
MPRegen 0.13/turn

%: reflection
@: lethally poisoned (-1 -> -8)
A: no striking features
a: no special abilities


You were on level 2 of the Dungeon.
You visited 1 branch of the dungeon, and saw 2 of its levels.

You collected 49 gold pieces.

Inventory:

Armour
 c - a +0 robe (worn)
Jewellery
 i - an amulet of reflection (around neck)
Scrolls
 a - a scroll of fog {unknown}
Potions
 b - a potion of magic


   Skills:
 - Level 2.4 Dodging
 - Level 2.4 Stealth
 + Level 4.9 Spellcasting
 + Level 5.5 Conjurations


You had 6 spell levels left.
You knew the following spells:

 Your Spells              Type           Power      Damage    Failure   Level
a - Magic Dart            Conj           100%       1d8       1%          1
b - Searing Ray           Conj           66%        2d6       1%          2
c - Dazzling Flash        Conj/Hex       38%        N/A       9%          3

Your spell library contained the following spells:

 Spells                   Type           Power      Damage    Failure   Level
 Fulminant Prism          Conj/Hex       9%         3d7       26%         4
 Iskenderun's Mystic Bla  Conj/Tloc      19%        2d6       26%         4


Dungeon Overview and Level Annotations

Branches:
Dungeon (2/15)

Altars:


Message History

The adder poisons you! You block the adder's attack.
You feel sick.
You feel sick.
There is a stone staircase leading up here.
You feel sick.
You feel sick. You block the adder's attack.
You feel sick.
You feel sick.
You are no longer poisoned.
Found a dagger.
The adder misses you.
The magic dart hits the adder.
The adder is almost dead.
The adder misses you. The adder attacks as you move away!
You block the adder's attack. The adder bites you.
You are poisoned.
The adder poisons you! The adder attacks as you move away! The adder bites you.
You are more poisoned.
The adder poisons you!
You feel very sick. The adder attacks as you move away!
You block the adder's attack.
You feel sick.
* * * LOW HITPOINT WARNING * * *
You feel sick.
You feel sick. The adder bites you.
* * * LOW HITPOINT WARNING * * *
You are more poisoned.
The adder poisons you! The adder attacks as you move away!
The adder barely misses you.
* * * LOW HITPOINT WARNING * * *
You feel sick.
Casting: Magic Dart (safe; 1% risk of failure)
Confirm with . or Enter, or press ? or * to list all spells.
Aiming: Magic Dart (safe; 1% risk of failure)
Press: ? - help, Shift-Dir - straight line, f/p - adder
Aim: an adder (almost dead, 100% to hit)
The magic dart hits the adder.
You kill the adder!
You die...

#.?. #...... #.
##....... #.# #......#
###.# #......#
...#.####......###
#................ ...
##.##.......... ...
##..#..#@.....# ....
#.....##†.....# #
.....#...####......#.#
.....#..## #....[....
........# #.........
........# ###.....).#
.....#.<####........##
.......†..#..###.####
........#........#


There were no monsters in sight!

Vanquished Creatures
  A scorpion (D:2)
  2 adders (D:2)
  3 ball pythons (D:1)
  2 endoplasms (D:1)
  A goblin (D:1)
  A hobgoblin (D:1)
  2 jackals (D:1)
  2 quokkas (D:1)
  4 bats
  2 frilled lizards (D:1)
  2 kobolds (D:1)
  7 rats (D:1)
29 creatures vanquished.

Notes
Turn   | Place    | Note
-------+----------+-------------------------------------------
     0 | D:1      | Heoruswealwe the Deep Elf Conjurer began the quest for the
                  | Orb.
     0 | D:1      | Reached XP level 1. HP: 10/10 MP: 6/6
    85 | D:1      | Found a faded altar of an unknown god.
   209 | D:1      | Reached XP level 2. HP: 15/15 MP: 2/8
   212 | D:1      | Learned a level 2 spell: Searing Ray
   758 | D:2      | Reached skill level 5 in Conjurations
   758 | D:2      | Reached XP level 3. HP: 14/19 MP: 5/10
   762 | D:2      | Learned a level 3 spell: Dazzling Flash
   775 | D:2      | Noticed a scorpion
   779 | D:2      | Killed a scorpion
   780 | D:2      | Reached XP level 4. HP: 24/24 MP: 2/12
   802 | D:2      | HP: 1/24 [poisoned by an adder]
   803 | D:2      | Succumbed to an adder's poison

Illustrated notes

Levels and vault maps discovered:
D:1:      dpeg_arrival_ratfight, layout_basic,
          shapermc_ecumenical_altar_mp_highgroup, chequers_serial_rivers_room_b
D:2:      layout_rooms, serial_shops, nicolae_shop_back_alley_shop,
          minmay_misc_feat_nine_boxes, nicolae_half_adder

Skill      XL: |  1  2 |
---------------+-------+-----
Spellcasting   | 4 |  4.9
Conjurations   | 5 |  5.5
Dodging        | |  2.4
Stealth        | |  2.4

Action                     |  1- 3 |  4- 6 || total
---------------------------+-------+-------++-------
  Melee: Unarmed           |     1 |       ||     1
   Cast: Magic Dart        |    53 |     5 ||    58
         Searing Ray       |     1 |       ||     1
 Armour: Robe              |     3 |       ||     3
  Dodge: Dodged            |     5 |     5 ||    10
  Block: Other             |       |     5 ||     5
